 Dungeon Crawl Stone Soup version 0.27-a0-512-g57cc695410 (webtiles) character file.

Game seed: 17961972067395923785

2153 kae the Grappler (level 9, 0/111 HPs)
             Began as a Demonspawn Gladiator on Mar 3, 2021.
             Was a Follower of Wu Jian.
             Slain by a killer bee (2 damage)
             ... on level 6 of the Dungeon.
             The game lasted 00:04:16 (6692 turns).

kae the Grappler (Demonspawn Gladiator)             Turns: 6692, Time: 00:04:17

Health: 0/111      AC: 24    Str: 17    XL:     9   Next: 10%
Magic:  9/9        EV:  2    Int: 11    God:    Wu Jian [*.....]
Gold:   217        SH:  0    Dex: 14    Spells: 8/8 levels left

rFire    . . .     SeeInvis .     - Unarmed
rCold    . . .     Faith    .   (no shield)
rNeg     + + +     Spirit   .   (armour currently unavailable)
rPois    +         Reflect  .   (helmet currently unavailable)
rElec    .         Harm     .   (cloak currently unavailable)
rCorr    .         Rampage  .   (gloves currently unavailable)
Will     .....     NoTele   +   (boots currently unavailable)
Stlth    +.........             (no amulet)
HPRegen  0.28/turn              (no ring)
MPRegen  0.11/turn              (no ring)

@: tree-form, attractive
A: rugged brown scales 1, foul stench 1
a: Renounce Religion


You were on level 6 of the Dungeon.
You worshipped Wu Jian.
Wu Jian was aware of your devotion.
You were a tree.
You visited 1 branch of the dungeon, and saw 6 of its levels.

You collected 217 gold pieces.

Inventory:

Missiles
 c - 5 throwing nets (quivered)
Armour
 b - a +1 helmet (melded)
 f - a +2 pair of gloves
 g - a +3 leather armour of poison resistance (melded)
Wands
 m - a wand of mindburst (8)
 n - a wand of paralysis (8)
Scrolls
 e - 4 scrolls of teleportation
 i - 2 scrolls of immolation
 r - a scroll of amnesia
 s - a scroll of random uselessness {unknown}
Potions
 a - 2 potions of attraction
 d - a potion of lignification
 j - a potion of mutation {unknown}
 k - a potion of might {unknown}
 l - a potion of resistance {unknown}
 o - a potion of brilliance {unknown}
 p - a potion of heal wounds {unknown}
 q - a potion of ambrosia {unknown}


   Skills:
 + Level 7.2 Fighting
 - Level 1.7 Throwing
 - Level 2.6 Dodging
 * Level 9.4 Unarmed Combat


You had 8 spell levels left.
You didn't know any spells.
Your spell library contained the following spells:

 Spells                   Type           Power        Failure   Level
 Animate Skeleton         Necr           0%           34%         1
 Apportation              Tloc           0%           34%         1
 Corona                   Hex            0%           34%         1
 Summon Small Mammal      Summ           0%           34%         1


Dungeon Overview and Level Annotations

Branches:
Dungeon (6/15)
 Temple: D:4-7

Altars:
Ashenzari
Qazlal
Trog
Uskayaw
Wu Jian
Xom
Yredelemnul


Innate Abilities, Weirdness & Mutations

((You have very sharp fingernails.))
(You are partially covered in rugged brown scales. (AC +1, +3% HP))
You may rarely emit foul miasma when damaged in melee.


Message History

The killer bee is engulfed in dark miasma.
The killer bee looks as sick as possible!
The killer bee barely misses you.
The killer bee stings you but does no damage.
The killer bee completely misses you.
It was a potion of lignification.
You turn into a tree.
Your +1 helmet melds into your body.
Your +3 leather armour of poison resistance melds into your body.
You no longer feel resistant to poison.
Your roots penetrate the ground.
* * * LOW HITPOINT WARNING * * *
You feel sick.
You kill the adder!
The Council accepts your kill.
You kill the killer bee!
The Council accepts your kill.
The killer bee stings you but does no damage.
The killer bee stings you.
* * * LOW HITPOINT WARNING * * *
You are more poisoned.
The killer bee poisons you!
The killer bee stings you but does no damage. x2
It was a potion of curing.
You feel better.
The killer bee stings you but does no damage. x3
The killer bee stings you.
* * * LOW HITPOINT WARNING * * *
You feel better.
The killer bee stings you but does no damage. x4
You miss the killer bee. The killer bee stings you.
* * * LOW HITPOINT WARNING * * *
You emit a cloud of foul miasma!
The killer bee barely misses you. The killer bee completely misses you.
The killer bee is engulfed in dark miasma.
The killer bee is poisoned.
The killer bee completely misses you.
You hit the killer bee but do no damage.
The killer bee is lightly wounded.
The killer bee is engulfed in dark miasma.
The killer bee looks even sicker.
The killer bee stings you.
* * * LOW HITPOINT WARNING * * *
The killer bee stings you.
You die...

#...###
##..
##..##
##...
##..##
#...#
##..##
##..##
##..##
#..##
##..##
#...#
##...#
#...##
##...##
#...##
#)♣.##
#....
#..yy#
.....#
.......#
y.....
#........
......
##........
##........
##########


You could see 2 killer bees.

Vanquished Creatures
  Grinder (D:4)
  An ice beast (D:5)
  3 sky beasts (D:5)
  3 centaurs (D:6)
  Blork the orc (D:4)
  A gnoll sergeant (D:5)
  2 bullfrogs (D:6)
  2 scorpions (D:4)
  4 killer bees (D:6)
  A howler monkey (D:6)
  A jelly (D:5)
  4 hounds
  3 orc priests
  A bullfrog skeleton (D:4)
  A worker ant (D:4)
  3 iguanas
  3 orc wizards
  8 gnolls (D:5)
  A howler monkey skeleton (D:3)
  9 adders
  A shadow imp (D:5)
  2 white imps (D:5)
  An ufetubus (D:5)
  3 oozes
  5 worms
  4 dart slugs
  3 leopard geckos
  16 orcs
  2 ball pythons
  4 giant cockroaches
  9 goblins
  7 hobgoblins
  4 jackals
  5 kobolds
  9 bats
  9 frilled lizards
  A quokka skeleton (D:5)
  5 rats
143 creatures vanquished.

Notes
Turn   | Place    | Note
-------+----------+-------------------------------------------
     0 | D:1      | kae the Demonspawn Gladiator began the quest for the Orb.
     0 | D:1      | Reached XP level 1. HP: 16/16 MP: 1/1
   202 | D:1      | Reached skill level 3 in Unarmed Combat
   215 | D:1      | Gained mutation: You have sharp fingernails. [demonic
                  | ancestry]
   215 | D:1      | Reached XP level 2. HP: 21/22 MP: 2/2
   828 | D:1      | Reached XP level 3. HP: 28/28 MP: 3/3
  1176 | D:2      | Found a shimmering altar of Xom.
  1181 | D:2      | Found a broken altar of Ashenzari.
  1228 | D:1      | Reached skill level 4 in Unarmed Combat
  1228 | D:1      | Gained mutation: You have very sharp fingernails. [demonic
                  | ancestry]
  1228 | D:1      | Reached XP level 4. HP: 10/34 MP: 4/4
  2007 | D:2      | Found a faded altar of an unknown god.
  2057 | D:2      | Gained mutation: You may rarely emit foul miasma when
                  | damaged in melee. [demonic ancestry]
  2057 | D:2      | Reached XP level 5. HP: 40/41 MP: 5/5
  2537 | D:3      | Found a hide-covered altar of Uskayaw.
  2728 | D:3      | Reached skill level 5 in Unarmed Combat
  2809 | D:3      | Found a basalt altar of Yredelemnul.
  3375 | D:3      | Found a bloodstained altar of Trog.
  3621 | D:4      | Noticed Grinder
  3632 | D:4      | Reached XP level 6. HP: 48/48 MP: 6/6
  3741 | D:4      | Found a stormy altar of Qazlal.
  4004 | D:4      | Found an ornate altar of the Wu Jian Council.
  4024 | D:4      | Became a worshipper of the Wu Jian Council
  4156 | D:4      | Reached skill level 6 in Unarmed Combat
  4167 | D:4      | Noticed Blork the orc
  4172 | D:4      | Killed Blork the orc
  4173 | D:4      | Gained mutation: You are partially covered in rugged brown
                  | scales. (AC +1, +3% HP) [demonic ancestry]
  4173 | D:4      | Reached XP level 7. HP: 39/56 MP: 7/7
  4270 | D:4      | Killed Grinder
  4271 | D:4      | Reached skill level 5 in Fighting
  4659 | D:5      | Entered Level 5 of the Dungeon
  4719 | D:5      | Reached skill level 7 in Unarmed Combat
  5050 | D:5      | Reached XP level 8. HP: 50/65 MP: 8/8
  5410 | D:5      | Reached skill level 8 in Unarmed Combat
  5675 | D:5      | Found a stormy altar of Qazlal.
  5691 | D:5      | Reached * piety under Wu Jian
  6173 | D:6      | Reached skill level 9 in Unarmed Combat
  6605 | D:6      | Reached XP level 9. HP: 63/74 MP: 9/9
  6687 | D:6      | HP: 3/74 [poisoned by a killer bee]
  6688 | D:6      | HP: 1/111 [killer bee (2)]
  6692 | D:6      | Slain by a killer bee

Illustrated notes

Levels and vault maps discovered:
D:1:      dpeg_arrival_tiny_g, layout_rooms
D:2:      layout_rooms, overflow_temple_1_default, ashenzari_altar_1,
          chequers_ecumenical_altar_lobes
D:3:      layout_loops_corners, general_overflow_altar,
          overflow_temple_1_default, yredelemnul_altar_generic
D:4:      kennysheep_big_flooded_room, layout_loops_ring, lemuel_round_altar,
          minmay_ruined_shrine, uniq_blork_the_orc, uniq_grinder
D:5:      layout_gridville, hangedman_decor_growths, minivault_27,
          nicolae_qazlal_eye_of_the_storm
D:6:      minmay_thick_lines, layout_basic, okawaru_ov_weapons_minmay,
          minmay_temple_entry_drinking_statues, basic_altar, uniq_menkaure

Skill      XL: |  1  2  3  4  5  6  7  8 |
---------------+-------------------------+-----
Unarmed Combat | 3 4 5 6 7 9 |  9.4
Fighting       | 3 4 5 7 |  7.2
Throwing       | |  1.7
Dodging        | |  2.6

Action                   |  1- 3 |  4- 6 |  7- 9 || total
-------------------------+-------+-------+-------++-------
Melee: Unarmed           |   124 |   196 |   190 ||   510
       Punch             |     2 |     6 |     6 ||    14
Invok: Lunge             |       |     1 |    17 ||    18
       Whirlwind         |       |       |     1 ||     1
  Use: Scroll            |     3 |     4 |     1 ||     8
       Potion            |       |       |     4 ||     4
 Stab: Sleeping          |     1 |       |       ||     1
Armor: Leather armour    |    49 |    64 |    85 ||   198
       Skin              |       |       |    10 ||    10
Dodge: Dodged            |    78 |   112 |   133 ||   323

Table legend: (Time is in decaauts)
 A = Elapsed time spent in this place.
 B = Non-inter-level travel time spent in this place.
 C = Inter-level travel time spent in this place.
 D = Time resting spent in this place.
 E = Time spent auto-exploring this place.
 F = Levels seen in this place.
 G = Mean time per level.
                   A        B        C        D        E       F      G
               +--------+--------+--------+--------+--------+-----+--------+
         Total |   6645 |   6489 |    156 |   1734 |   3797 |   6 | 1107.5 |
       Dungeon |   6645 |   6489 |    156 |   1734 |   3797 |   6 | 1107.5 |
               +--------+--------+--------+--------+--------+-----+--------+

Top non-repeatable levels by time:
     D:1: 1357 daAuts
     D:3: 1313 daAuts
     D:5: 1283 daAuts
     D:4: 1024 daAuts
     D:2: 940 daAuts
     D:6: 725 daAuts
